 Dungeon Sprint DCSS version 0.19.1 (webtiles) character file.

1473 dvd the Basher (level 8, -3/138 HPs)
             Began as a Troll Berserker on Dec 21, 2016.
             Was an Elder of Trog.
             Slain by a demonic crawler (7 damage)
             ... in the Dungeon (Sprint I: "Red Sonja").
             The game lasted 00:02:14 (401 turns).

dvd the Basher (Troll Berserker)                     Turns: 401, Time: 00:02:15

Health: -3/138     AC:  5    Str: 31    XL:     8   Next: 49%
Magic:  7/7        EV: 14    Int:  3    God:    Trog [****..]
Gold:   425        SH:  0    Dex: 11    Spells: 0 memorised, 7 levels left

rFire  . . .     SeeInvis .     j - +4 whip
rCold  . . .     Gourm    +     b - +0 animal skin
rNeg   . . .     Faith    .     (no shield)
rPois  .         Spirit   .     (helmet restricted)
rElec  .         Reflect  .     (no cloak)
rCorr  .         Harm     .     (gloves unavailable)
MR     .....     NoTele   +     (boots unavailable)
Stlth  ..........               (no amulet)
                                (no ring)
                                (no ring)

@: berserking (expiring), very quick
A: unfitting armour, claws 3, fast metabolism 3, gourmand, regeneration 1,
shaggy fur 1, tough skin 2
a: Berserk, Trog's Hand, Brothers in Arms, Burn Spellbooks, Renounce Religion


You were in the Dungeon.
You worshipped Trog.
Trog was greatly pleased with you.
You were not hungry.

You visited 1 branch You collected 425 gold pieces.

Inventory:

Hand Weapons
 a - a +0 mace
 j - a +4 whip (weapon)
Armour
 b - a +0 animal skin (worn)
Scrolls
 i - a scroll of blinking
Potions
 d - a potion of curing
 e - a potion of heal wounds
 f - a potion of haste
 g - 2 potions of magic
 h - a potion of berserk rage
Comestibles
 c - 2 bread rations


   Skills:
 + Level 9.5 Fighting
 + Level 11.2 Maces & Flails
 + Level 9.0 Dodging


You had 7 spell levels left.
You didn't know any spells.

Dungeon Overview and Level Annotations

Branches:
Dungeon (1/1)

Altars:
Cheibriados
Dithmenos
Elyvilon
Fedhas
Gozag
Hepliaklqana
Kikubaaqudgha
Makhleb
Nemelex Xobeh
Okawaru
Qazlal
Ru
Sif Muna
Trog
Uskayaw
Vehumet
Xom
Yredelemnul
Zin
The Shining One
Jiyva
Lugonu

Shops:
D !


Innate Abilities, Weirdness & Mutations

You are too large for most types of armour.
You have claws for hands.
Your metabolism is lightning-fast.
You like to eat raw meat.
Your natural rate of healing is unusually fast.
You are covered in fur. (AC +1)
You have very tough skin. (AC +2)


Message History

The demonic crawler hits you.
* * * LOW HITPOINT WARNING * * *
The demonic crawler hits you.
* * * LOW HITPOINT WARNING * * *
The demonic crawler barely misses you. The demonic crawler closely misses you.
You hit the demonic crawler.
The demonic crawler is heavily wounded.
Unknown command.
You barely miss the demonic crawler.
The demonic crawler is heavily wounded.
The demonic crawler hits you!
* * * LOW HITPOINT WARNING * * *
The demonic crawler closely misses you. The demonic crawler hits you!
* * * LOW HITPOINT WARNING * * *
Unknown command.
You closely miss the demonic crawler.
The demonic crawler is heavily wounded.
The demonic crawler completely misses you. x2
The demonic crawler hits you!
You die...

#####################
.').#..'..#__#..@ss.#
.#..)..#..'..'..#s..#
###'#####'#__####...'..#
##..#...#.#### ####..+
_####..##.# ##
____##'#..+ .∩...'..._#
..__##_.#+# ____###+#


You could see 3 demonic crawlers.

Vanquished Creatures
  2 kobold demonologists (D)
  A demonic crawler (D)
  A slime creature (D)
  Sigmund (D)
  A yak (D)
  A floating eye (D)
  An ogre (D)
  A jelly (D)
  Ijyb (D)
10 creatures vanquished.

Vanquished Creatures (others)
  A gargoyle (D)
1 creature vanquished.

Grand Total: 11 creatures vanquished

Notes
Turn   | Place    | Note
-------+----------+-------------------------------------------
     0 | D        | dvd the Troll Berserker began the quest for the Orb.
     0 | D        | Reached XP level 1. HP: 22/22 MP: 0/0
     1 | D        | Noticed Ijyb
    15 | D        | Killed Ijyb
    15 | D        | Reached skill level 4 in Maces & Flails
    15 | D        | Reached XP level 2. HP: 28/32 MP: 1/1
    24 | D        | Noticed an ogre
    28 | D        | Killed an ogre
    28 | D        | Reached skill level 5 in Fighting
    28 | D        | Reached skill level 5 in Maces & Flails
    28 | D        | Reached XP level 3. HP: 42/42 MP: 2/2
    28 | D        | Reached XP level 4. HP: 50/50 MP: 3/3
    72 | D        | Noticed Sigmund
    91 | D        | Killed Sigmund
    91 | D        | Reached ** piety under Trog
    91 | D        | Reached skill level 7 in Maces & Flails
    91 | D        | Reached XP level 5. HP: 23/61 MP: 4/4
    91 | D        | Reached XP level 6. HP: 26/68 MP: 5/5
   160 | D        | Found a deep blue altar of Sif Muna.
   162 | D        | Found a radiant altar of Vehumet.
   205 | D        | Found Fempoblyf's Distillery.
   205 | D        | Found an ancient bone altar of Kikubaaqudgha.
   205 | D        | Found a hazy altar of Hepliaklqana.
   205 | D        | Found a hide-covered altar of Uskayaw.
   205 | D        | Found a basalt altar of Yredelemnul.
   205 | D        | Found an opulent altar of Gozag.
   205 | D        | Found a snail-covered altar of Cheibriados.
   205 | D        | Found a sacrificial altar of Ru.
   205 | D        | Found a shadowy altar of Dithmenos.
   205 | D        | Noticed a yak
   213 | D        | Killed a yak
   213 | D        | Reached skill level 8 in Maces & Flails
   214 | D        | Found a stormy altar of Qazlal.
   214 | D        | Found a blossoming altar of Fedhas.
   214 | D        | Found a bloodstained altar of Trog.
   214 | D        | Found an iron altar of Okawaru.
   214 | D        | Found a glowing golden altar of the Shining One.
   214 | D        | Found a glowing silver altar of Zin.
   214 | D        | Found a white marble altar of Elyvilon.
   215 | D        | Found a sparkling altar of Nemelex Xobeh.
   231 | D        | Found a viscous altar of Jiyva.
   231 | D        | Found a corrupted altar of Lugonu.
   231 | D        | Noticed a slime creature
   232 | D        | Found a burning altar of Makhleb.
   232 | D        | Found a shimmering altar of Xom.
   239 | D        | Killed a slime creature
   239 | D        | Reached *** piety under Trog
   239 | D        | Reached skill level 9 in Maces & Flails
   239 | D        | Reached XP level 7. HP: 80/80 MP: 6/6
   302 | D        | Noticed a kobold demonologist
   304 | D        | Noticed a kobold demonologist
   308 | D        | Paralysed by a floating eye for 4 turns
   314 | D        | Noticed a chaos spawn
   318 | D        | Killed a kobold demonologist
   318 | D        | Reached skill level 10 in Maces & Flails
   318 | D        | Paralysed by a floating eye for 3 turns
   328 | D        | Paralysed by a floating eye for 4 turns
   333 | D        | Killed a kobold demonologist
   333 | D        | Reached **** piety under Trog
   333 | D        | Reached XP level 8. HP: 92/92 MP: 7/7
   359 | D        | Killed a gargoyle
   381 | D        | Noticed a demonic crawler
   381 | D        | Noticed a demonic crawler
   381 | D        | Noticed a demonic crawler
   381 | D        | Noticed a demonic crawler
   395 | D        | Killed a demonic crawler
   395 | D        | Reached skill level 11 in Maces & Flails
   400 | D        | HP: 3/138 [demonic crawler (9)]
   401 | D        | Slain by a demonic crawler

Skill      XL: |  1  2  3  4  5  6  7  8 |
---------------+-------------------------+-----
Fighting       | 3 5 6 8 9 |  9.5
Maces & Flails | 4 5 7 9 10 11 | 11.2
Dodging        | 3 4 6 7 8 9 |  9.0

Action                   |  1- 3 |  4- 6 |  7- 9 || total
-------------------------+-------+-------+-------++-------
Melee: Mace              |    16 |    17 |       ||    33
       Whip              |       |    14 |    36 ||    50
Invok: Berserk           |     1 |     2 |     2 ||     5
       Brothers in Arms  |       |       |     1 ||     1
  Eat: Chunk             |       |     6 |       ||     6
Armor: Animal skin       |     3 |     1 |    19 ||    23
Dodge: Dodged            |     8 |     7 |    25 ||    40
